Map: King's Cove LE

Players

Harstem

  • Race: Protoss Protoss
  • League: Grandmaster
  • Spawn Location: 5:00

Lambo - Winner!

  • Race: Zerg Zerg
  • League: Grandmaster
  • Spawn Location: 11:00

Event: HomeStory Cup XIX

VOD

Have the link to the VOD?

Description

Time

  • Played on: June 27, 2019, 12:46 p.m.
  • Length: 18:35

All games in this series

Show
View Real Time Build Order
Export as new Build Order

Harstem Protoss 

Build Orders: 1 Gate Expand, Archon Immortal, Archon Drop, Dark Templar Rush 

Get SALT Encoding   

  12  0:00  Probe  
  13  0:12  Probe  
  14  0:18  Pylon  
  14  0:24  Probe  
  15  0:29  Assimilator  
  15  0:33  Probe  
  15  0:41  Probe  
  16  0:48  Gateway  
  17  0:51  Probe  
  18  1:03  Probe  
  19  1:15  Probe  
  20  1:25  Nexus  
  20  1:36  Cybernetics Core  
  20  1:39  Probe  
  21  1:43  Assimilator  
  21  1:51  Probe  
  21  1:54  Pylon  
  22  2:03  Probe, Adept  
  23  2:15  Probe  
  26  2:21  Twilight Council  
  26  2:22  Warp Gate  
  26  2:23  Stalker  
  26  2:27  Probe  
  29  2:38  Probe  
  29  2:39  Probe  
  31  2:47  Robotics Facility  
  31  2:52  Probe  
  31  2:53  Probe  
  33  3:04  Probe  
  33  3:05  Probe  
  35  3:13  Dark Shrine  
  35  3:14  Probe  
  35  3:16  Probe  
  35  3:18  Gateway  
  37  3:23  Probe  
  38  3:28  Gateway  
  38  3:33  Warp Prism  
  38  3:35  Gateway  
  38  3:48  Probe x2  
  42  3:53  Assimilator  
  42  3:55  Assimilator  
  42  3:56  Pylon  
  42  4:00  Probe  
  42  4:01  Probe  
  44  4:04  Pylon  
  44  4:12  Probe  
  44  4:13  Probe  
  46  4:24  Probe  
  46  4:30  Probe  
  48  4:33  Probe  
  48  4:34  Dark Templar x4  
  48  4:38  Probe, Archon x2  
  57  4:41  Observer  
  57  4:45  Probe  
  59  4:47  Probe, Pylon  
  61  5:01  Nexus  
  61  5:06  Probe  
  62  5:08  Forge, Probe  
  63  5:17  Dark Templar  
  63  5:20  Zealot, Dark Templar  
  67  5:27  Probe  
  67  5:28  Probe  
  67  5:30  Pylon  
  68  5:39  Probe  
  68  5:40  Archon  
  68  5:42  Probe  
  70  5:44  Charge  
  70  5:48  Protoss Ground Weapons Level 1  
  70  5:49  Zealot x2  
  74  5:51  Sentry  
  74  5:53  Probe  
  74  5:54  Immortal  
  74  5:55  Zealot  
  73  5:58  Probe  
  74  6:09  Pylon  
  78  6:13  Probe x2  
  78  6:17  Probe  
  81  6:21  Immortal  
  81  6:23  Probe  
  82  6:26  Probe x2  
  82  6:31  Probe  
  79  6:36  Templar Archives  
  79  6:37  Sentry x2, Gateway, Probe  
  79  6:38  Gateway  
  79  6:39  Probe  
  88  6:41  Probe  
  91  6:48  Probe  
  91  6:51  Probe  
  91  6:52  Assimilator  
  91  6:53  Observer, Probe  
  94  6:55  Assimilator  
  96  7:07  Pylon  
  96  7:10  Pylon  
  96  7:13  Gateway  
  96  7:14  Stalker  
  101  7:16  Psionic Storm  
  101  7:18  Gateway  
  101  7:20  Photon Cannon  
  101  7:28  High Templar x2, Pylon  
  101  7:29  Zealot  
  107  7:30  Immortal  
  107  7:32  Pylon  
  107  7:34  Shield Battery  
  107  7:43  Zealot x3  
  113  7:50  Probe  
  114  7:52  Pylon  
  114  7:59  High Templar, Protoss Ground Weapons Level 2  
  114  8:02  Pylon  
  114  8:04  Stargate, Warp Prism  
  116  8:05  Pylon  
  116  8:12  High Templar  
  120  8:14  Pylon  
  120  8:15  Zealot, High Templar  
  120  8:16  Zealot x3  
  120  8:19  Pylon  
  130  8:20  Probe  
  130  8:22  Pylon  
  125  8:39  Immortal  
  127  8:42  Sentry  
  127  8:43  Zealot  
  127  8:44  Dark Templar  
  131  8:50  Sentry, Zealot x3  
  137  8:56  Zealot  
  129  9:05  Probe  
  129  9:07  Zealot x2  
  129  9:08  Void Ray  
  132  9:10  Immortal  
  132  9:12  Zealot, Dark Templar x2  
  132  9:13  Zealot  
  138  9:34  Zealot x6  
  136  9:49  Immortal  
  136  9:55  Stalker  
  136  9:57  Photon Cannon  
  138  10:04  High Templar x2  
  138  10:05  High Templar x2  
  146  10:08  Archon x2, Phoenix, Nexus  
  146  10:18  Probe  
  146  10:19  Probe  
  150  10:23  Pylon  
  150  10:30  Probe  
  150  10:32  Protoss Ground Weapons Level 3  
  151  10:37  Pylon  
  151  10:41  Assimilator  
  151  10:46  Assimilator  
  149  10:51  Zealot x5  
  149  10:52  Zealot x3  
  165  11:02  Probe x2  
  165  11:03  Photon Cannon  
  153  11:15  Shield Battery  
  153  11:17  Nexus  
  153  11:19  Zealot x6  
  159  11:37  Zealot x2  
  157  11:48  Zealot x6  
  157  11:53  Fleet Beacon  
  168  12:27  Zealot x2  
  168  12:28  Zealot, Mothership  
  168  12:29  Probe  
  175  12:31  Zealot x5  
  175  12:32  Photon Cannon  
  175  12:34  Photon Cannon  
  179  12:40  Phoenix  
  179  12:43  Photon Cannon  
  185  12:45  Photon Cannon  
  185  12:47  Photon Cannon  
  187  13:05  Photon Cannon x2, High Templar x7  
  195  13:08  Photon Cannon  
  195  13:10  Archon  
  199  13:16  Dark Templar  
  191  13:27  Probe  
  191  13:31  Probe  
  176  13:39  Probe, Dark Templar x6  
  176  13:40  Dark Templar  
  175  13:42  Immortal  
  175  13:43  Probe  
  164  13:52  Probe x2  
  166  14:00  Probe, Protoss Ground Armor Level 1  
  166  14:04  Probe  
  166  14:09  Probe  
  168  14:12  Archon x3  
  168  14:16  Probe  
  170  14:18  Observer, Archon  
  165  14:26  Archon  
  165  14:28  Probe, High Templar x2, Immortal  
  165  14:29  Zealot x6  
  176  14:42  Probe  
  176  14:44  Probe x2  
  183  14:46  Photon Cannon  
  183  14:48  Photon Cannon  
  183  14:49  Zealot x4  
  191  14:54  Probe  
  191  14:56  Probe x2  
  194  15:00  Observer  
  177  15:21  Dark Templar  
  177  15:28  Zealot x2, Dark Templar x3  
  183  15:29  Zealot x2  
  185  15:39  Probe x2  
  175  15:44  Immortal  
  173  16:00  Dark Templar  
  173  16:01  Dark Templar  
  173  16:02  Zealot x6  
  162  16:28  High Templar  
  162  16:29  Zealot x3, High Templar x2  
  154  16:46  Zealot x2  
  154  16:51  Zealot x3  
  81  17:31  High Templar x5  
  81  17:32  High Templar x3  
  75  18:04  Zealot x4  
  69  18:30  Archon x2  
  69  18:33  Zealot x3  
Show
View Real Time Build Order
Export as new Build Order

Lambo Zerg - Winner!

Build Orders: Hatch First, Swarm Host 

Get SALT Encoding   

  12  0:01  Drone  
  13  0:13  Overlord  
  13  0:19  Drone  
  14  0:32  Drone x2  
  16  0:49  Hatchery  
  15  0:52  Drone  
  16  0:57  Drone  
  16  1:00  Drone  
  18  1:11  Extractor  
  18  1:15  Spawning Pool  
  16  1:18  Drone  
  16  1:21  Drone  
  18  1:29  Drone  
  19  1:40  Drone  
  20  1:51  Drone  
  21  2:01  Queen  
  21  2:02  Zergling x2, Queen  
  21  2:03  Overlord  
  26  2:17  Drone  
  26  2:22  Zergling x2  
  28  2:23  Drone  
  28  2:28  Drone  
  30  2:36  Drone x2  
  32  2:42  Pneumatized Carapace  
  32  2:44  Hatchery  
  31  2:48  Drone  
  31  2:50  Overlord  
  32  2:55  Queen  
  34  3:02  Drone x2  
  36  3:10  Drone x4  
  36  3:12  Drone  
  41  3:18  Overlord  
  41  3:20  Drone  
  41  3:23  Metabolic Boost  
  42  3:31  Queen  
  44  3:37  Drone  
  44  3:40  Drone x2  
  47  3:45  Overlord  
  47  3:47  Drone x3  
  50  3:57  Overlord  
  50  3:59  Roach Warren  
  50  4:00  Zergling x6  
  52  4:05  Zergling x2, Drone  
  52  4:06  Zergling x2  
  52  4:07  Spore Crawler  
  54  4:10  Spore Crawler  
  54  4:14  Drone  
  54  4:16  Lair  
  54  4:20  Zergling x4  
  54  4:21  Zergling x2  
  57  4:25  Zergling x2  
  57  4:27  Queen  
  60  4:32  Drone x4  
  60  4:36  Drone x2  
  60  4:38  Drone  
  67  4:40  Overlord  
  67  4:47  Roach x3  
  67  4:52  Overlord  
  73  4:53  Extractor  
  73  4:54  Overlord  
  73  4:55  Extractor  
  73  4:57  Overlord  
  73  4:59  Roach  
  73  5:05  Overlord  
  73  5:10  Overlord  
  72  5:17  Roach x2  
  72  5:18  Roach x2  
  79  5:22  Overseer  
  79  5:28  Roach  
  76  5:30  Drone x4  
  78  5:40  Drone x3  
  82  5:42  Drone  
  82  5:47  Roach  
  82  5:49  Drone x2  
  84  5:53  Drone x4  
  85  5:58  Drone x3  
  85  5:59  Extractor  
  85  6:05  Drone x2  
  85  6:10  Glial Reconstitution  
  82  6:22  Roach x2  
  82  6:25  Drone x5  
  89  6:28  Drone x2  
  89  6:33  Extractor  
  89  6:34  Extractor  
  89  6:35  Drone  
  89  6:39  Drone x2  
  90  6:42  Evolution Chamber  
  90  6:44  Roach x2  
  90  6:45  Roach  
  95  6:49  Roach x4  
  103  6:55  Overlord  
  103  6:56  Roach  
  103  6:59  Overlord  
  103  7:02  Overlord  
  103  7:03  Overlord  
  103  7:07  Overlord  
  103  7:09  Overlord  
  103  7:12  Overlord  
  103  7:16  Roach  
  103  7:17  Roach x2  
  103  7:20  Roach x2  
  113  7:24  Hatchery  
  113  7:25  Infestation Pit, Roach  
  113  7:27  Roach  
  113  7:28  Ravager x2  
  117  7:32  Roach  
  117  7:33  Roach  
  117  7:35  Zerg Missile Weapons Level 1  
  117  7:37  Drone x2  
  122  7:39  Drone x2  
  125  7:49  Drone  
  125  7:50  Drone x2  
  128  7:51  Roach x3  
  128  7:52  Roach  
  136  7:59  Roach x3  
  136  8:03  Extractor  
  141  8:09  Drone x3  
  141  8:11  Nydus Network  
  143  8:13  Overlord  
  143  8:17  Overlord  
  143  8:22  Overlord  
  143  8:24  Swarm Host x3  
  152  8:28  Overlord  
  152  8:31  Overlord  
  150  8:37  Swarm Host x5  
  147  8:41  Swarm Host x2  
  147  8:47  Swarm Host x2  
  159  8:50  Swarm Host x2  
  163  8:59  Roach x5  
  169  9:05  Roach x3  
  169  9:06  Nydus Canal  
  169  9:07  Swarm Host  
  161  9:14  Roach  
  161  9:15  Roach x2  
  161  9:17  Swarm Host x2  
  167  9:25  Nydus Canal  
  167  9:28  Swarm Host x4  
  176  9:36  Roach x4  
  173  9:39  Overseer  
  171  9:48  Swarm Host x2  
  177  9:59  Swarm Host x2  
  177  10:04  Nydus Canal  
  183  10:09  Ravager x2  
  183  10:11  Extractor  
  183  10:12  Spine Crawler  
  183  10:13  Spine Crawler, Roach  
  183  10:14  Spine Crawler, Roach x3  
  189  10:19  Nydus Canal  
  189  10:23  Overlord  
  189  10:26  Overlord  
  189  10:27  Nydus Canal  
  189  10:29  Overlord  
  189  10:35  Overlord x2  
  189  10:36  Overlord  
  189  10:38  Overlord  
  189  10:41  Nydus Canal  
  184  10:54  Roach x8  
  200  11:02  Overlord  
  200  11:03  Overlord  
  200  11:05  Overlord  
  200  11:09  Zerg Missile Weapons Level 2  
  200  11:10  Overlord  
  200  11:15  Nydus Canal, Overlord  
  200  11:18  Overlord  
  200  11:21  Overlord  
  200  11:25  Overlord  
  192  11:36  Roach x5  
  192  11:39  Overlord  
  197  11:43  Roach  
  199  11:47  Roach  
  199  11:51  Hive, Overlord  
  199  11:55  Nydus Canal  
  199  11:57  Overlord x2  
  199  12:02  Hydralisk Den  
  198  12:11  Ravager  
  198  12:12  Ravager  
  198  12:25  Drone  
  198  12:26  Drone x3  
  200  12:31  Muscular Augments  
  198  12:45  Overseer  
  198  12:53  Hydralisk  
  200  13:05  Nydus Canal  
  200  13:06  Overseer  
  200  13:07  Overseer x2  
  200  13:08  Overseer x2  
  200  13:26  Zerg Ground Armor Level 1  
  198  13:33  Roach x2  
  188  13:41  Nydus Canal  
  188  13:43  Roach x6  
  188  13:45  Overlord x2  
  188  13:47  Hydralisk x11, Grooved Spines  
  200  13:54  Hydralisk x9  
  186  13:56  Nydus Canal  
  186  13:58  Hydralisk  
  186  14:02  Ravager x5  
  185  14:26  Swarm Host x5  
  200  14:50  Hatchery  
  200  14:51  Nydus Canal  
  195  14:53  Drone  
  195  14:54  Drone x2  
  195  14:56  Infestation Pit, Swarm Host  
  200  15:05  Nydus Canal  
  196  15:27  Hydralisk  
  196  15:28  Hydralisk  
  200  15:34  Hydralisk x2  
  200  15:45  Overseer, Zerg Missile Weapons Level 3  
  200  15:49  Nydus Canal  
  194  16:06  Nydus Canal  
  194  16:14  Hydralisk x5  
  196  16:21  Hydralisk x9  
  197  16:28  Hydralisk x6  
  190  16:43  Hydralisk x2, Overseer x2  
  190  16:44  Hydralisk x4  
  192  16:52  Overseer  
  188  16:56  Hydralisk x2  
  190  17:06  Overseer x6  
  187  17:09  Hydralisk  
  172  17:17  Hydralisk  
  172  17:22  Overseer  
  160  17:24  Hydralisk  
  140  17:40  Roach x2  
  137  17:53  Roach  
  137  17:54  Roach  
  139  18:00  Roach  
  139  18:13  Roach  
Tags
 
Add a new tag
Caveats
  • Supply blocks, unpowered buildings, or Contaminate may cause inaccurate times.
  • Supply counts are checked every 10 seconds.